 Dungeon Crawl Stone Soup version 0.14.2 (webtiles) character file.

1680 fredomojojo the Ducker (level 8, -22/70 HPs)
             Began as a Minotaur Berserker on Nov 5, 2015.
             Was a Priest of Trog.
             Annihilated by an orc warrior
             ... wielding a +0,+0 halberd
              (26 damage)
             ... on Level 6 of the Dungeon on Nov 21, 2015.
             The game lasted 01:37:48 (3779 turns).

fredomojojo the Ducker (Minotaur Berserker)         Turns: 3779, Time: 01:37:48

HP -22/70        AC  3     Str 23      XL: 8   Next: 49%
MP   3/3         EV 14     Int  4      God: Trog [***...]
Gold 205         SH  0     Dex 11      Spells:  0 memorised,  7 levels left

rFire  . . .     SeeInvis .     a - +2,-2 trident
rCold  . . .     Clarity  .     W - +0 leather armour
rNeg   . . .     Conserve .     (no shield)
rPois  .         rCorr    .     (helmet restricted)
rElec  .         rRot     .     (no cloak)
SustAb . .       Spirit   .     (no gloves)
rMut   .         Warding  .     (no boots)
Saprov . . .     Stasis   .     t - amulet of inaccuracy {unknown}
MR     .....                    w - ring of sustenance
                                g - ring of regeneration

@: lethally poisoned, not resistant to hostile enchantments, unstealthy
A: retaliatory headbutt, horns 2
a: Burn Spellbooks, Berserk, Trog's Hand, Renounce Religion


You were on level 6 of the Dungeon.
You worshipped Trog.
Trog was most pleased with you.
You were not hungry.

You visited 1 branch of the dungeon, and saw 6 of its levels.

You collected 205 gold pieces.

Inventory:

Hand weapons
 a - a +2,-2 trident (weapon)
 f - a +0,+0 sling
 D - a +4,+2 whip
 K - a +2,+2 hand axe of electrocution
Missiles
 e - 35 sling bullets
 j - 31 darts
 n - 28 stones
 J - 4 tomahawks (quivered)
 M - a throwing net
 P - 11 darts of frost
Armour
 b - a +0 animal skin
 y - a +0 robe
 W - a +0 leather armour (worn)
Magical devices
 v - a wand of frost (11)
 O - a wand of slowing (12)
Comestibles
 m - 2 meat rations
 Q - a bread ration
 R - a chunk of iguana flesh
Scrolls
 c - a scroll of fear {unknown}
 d - 2 scrolls of fog
 i - 2 scrolls of random uselessness {unknown}
 l - 2 scrolls of blinking {unknown}
 o - 2 scrolls of recharging {unknown}
 r - 6 scrolls of identify {unknown}
 s - 3 scrolls of remove curse {unknown}
 u - 3 scrolls of enchant weapon II {unknown}
 F - a scroll of teleportation {unknown}
 H - a scroll of noise {unknown}
 I - 3 scrolls of immolation {unknown}
 N - a scroll of magic mapping {unknown}
Jewellery
 g - a ring of regeneration (left hand)
 t - an amulet of inaccuracy (around neck) {unknown}
 w - a ring of sustenance (right hand)
 x - an uncursed amulet of inaccuracy {unknown}
 B - an uncursed ring of magical power
Potions
 h - a potion of beneficial mutation {unknown}
 k - a potion of mutation {unknown}
 q - a potion of poison {unknown}
 z - a potion of restore abilities {unknown}
 A - a potion of haste {unknown}
 C - a potion of lignification {unknown}
 E - a potion of might {unknown}
 G - a potion of confusion {unknown}
 L - a potion of flight {unknown}
 S - a potion of agility {unknown}


   Skills:
 + Level 5.9 Fighting
 + Level 0.5 Maces & Flails
 + Level 6.6 Polearms
 + Level 3.1 Slings
 + Level 5.0 Throwing
 + Level 2.8 Armour
 + Level 7.0 Dodging
 + Level 1.5 Stealth
 + Level 0.2 Evocations


You had 7 spell levels left.
You didn't know any spells.

Dungeon Overview and Level Annotations

Branches:
Dungeon (6/15)             Temple (0/1) D:5

Altars:
Kikubaaqudgha


Innate Abilities, Weirdness & Mutations

You reflexively headbutt those who attack you in melee.
You have a pair of horns on your head.


Message History

You feel sick.
Zapping:
O - a wand of slowing {zapped: 1}
Press: ? - help, Shift-Dir - straight line, f - orc warrior
Aim: an orc warrior, wielding a halberd and wearing a chain mail The orc warrior resists with significant effort.
You feel sick. The orc warrior closely misses you.
You feel sick.
You feel sick.
You feel sick.
You feel sick.
You feel sick.
You feel sick.
You feel sick.
You feel sick.
You feel sick.
You feel sick.
You feel sick.
There is a stone staircase leading up here.
The orc warrior hits you from afar with a halberd!
You die...

#..#
#.......#
#..#
#.......#
. #..#
#.......#
#..# #..#
#.......#
#>.# #..#
#.......#
#..# #..#
#......)#
#..# #.%#
#.......#
#..# #..#
#..####[#
#..# #.@#
#..#
#......#
#..###..#
#..#
#......#
#......o#
#..#
#.####.#
#..####.#
#..# #.# #
.. #..#
#.# #..#
#.#
#.###..#
#.###..#
#.#
#......#
#......#
#.#
#......#
#......#
#.#
#..###.#
#......###


You could see an orc warrior.

Vanquished Creatures
  Grinder (D:4)
  A necrophage (D:5)
  An ice beast (D:6)
  A phantom (D:5)
  An ogre (D:4)
  2 scorpions
  A jelly (D:5)
  A hound (D:5)
  A quasit (D:6)
  A crimson imp (D:5)
  2 orc priests
  7 worker ants
  An iguana (D:5)
  An orc wizard (D:4)
  A hound skeleton (D:5)
  11 gnolls
  7 adders
  A worm zombie (D:5)
  An inept feature mimic (D:4)
  3 worms
  An ooze (D:4)
  12 orcs
  A bat zombie (D:5)
  4 giant cockroaches
  15 goblins
  12 hobgoblins
  7 jackals
  11 kobolds
  2 quokkas (D:3)
  A ball python zombie (D:5)
  2 bats (D:1)
  A giant gecko (D:3)
  3 giant newts
  9 rats
127 creatures vanquished.

Notes
Turn   | Place    | Note
--------------------------------------------------------------
     0 | D:1      | fredomojojo, the Minotaur Berserker, began the quest for the Orb.
     0 | D:1      | Reached XP level 1. HP: 19/19 MP: 1/1
    90 | D:1      | Reached skill level 4 in Fighting
    93 | D:1      | Reached XP level 2. HP: 16/27 MP: 1/1
   451 | D:2      | Acquired Trog's second power
   452 | D:2      | Reached XP level 3. HP: 34/34 MP: 2/2
  1069 | D:3      | Reached skill level 1 in Slings
  1073 | D:3      | Reached XP level 4. HP: 41/41 MP: 2/2
  1144 | D:3      | Reached skill level 1 in Throwing
  1365 | D:3      | HP: 1/41 [worm (10)]
  1418 | D:2      | Reached XP level 5. HP: 16/47 MP: 2/2
  1689 | D:3      | Reached skill level 5 in Fighting
  1893 | D:3      | HP: 2/48 [gnoll/halberd (6)]
  2118 | D:4      | HP: 2/48 [poisoned by a worker ant]
  2119 | D:4      | Reached skill level 5 in Polearms
  2166 | D:3      | Found an ancient bone altar of Kikubaaqudgha.
  2266 | D:3      | Reached XP level 6. HP: 51/56 MP: 3/3
  2657 | D:5      | Entered Level 5 of the Dungeon
  2704 | D:4      | Noticed Grinder
  2713 | D:4      | Killed Grinder
  2713 | D:4      | Reached skill level 5 in Dodging
  2713 | D:4      | Reached XP level 7. HP: 54/61 MP: 3/3
  2761 | D:4      | Noticed an ogre
  2766 | D:4      | Killed an ogre
  2950 | D:5      | Found a staircase to the Ecumenical Temple.
  3012 | D:5      | Reached skill level 1 in Stealth
  3115 | D:5      | Reached skill level 6 in Dodging
  3436 | D:5      | Reached XP level 8. HP: 56/69 MP: 3/3
  3514 | D:5      | Noticed a necrophage
  3519 | D:5      | Killed a necrophage
  3759 | D:6      | Reached skill level 5 in Throwing
  3759 | D:6      | Reached skill level 7 in Dodging
  3760 | D:6      | HP: 3/70 [poisoned by a scorpion]
  3765 | D:6      | HP: 2/70 [poisoned by a scorpion]
  3770 | D:6      | HP: 2/70 [poisoned by a scorpion]
  3776 | D:6      | HP: 2/70 [poisoned by a scorpion]
  3779 | D:6      | Annihilated by an orc warrior

Action                   |  1- 3 |  4- 6 |  7- 9 || total
-------------------------+-------+-------+-------++-------
Melee: Spear             |    71 |    18 |       ||    89
       Trident           |       |   153 |   143 ||   296
       Whip              |       |     6 |       ||     6
 Fire: Sling             |    23 |    21 |       ||    44
Throw: Dart              |    15 |     2 |       ||    17
       Tomahawk          |       |    15 |    45 ||    60
Invok: Berserk           |     2 |     3 |       ||     5
       Burn Spellbooks   |       |     1 |       ||     1
       Trog's Hand       |       |     1 |       ||     1
Evoke: Wand              |       |       |     3 ||     3
  Use: Potion            |       |     3 |       ||     3
       Scroll            |       |     1 |       ||     1
 Stab: Sleeping          |       |     1 |     1 ||     2
